 Dungeon Crawl Stone Soup version 0.31-a0-569-g7ea453304b (webtiles) character file.

Game seed: 17275793787386558098

1603 Descartes the Blocker (level 9, 0/68 HPs)
             Began as a Formicid Fighter on Aug 18, 2023.
             Killed from afar by Maggie (26 damage)
             ... with a bolt of fire
             ... on level 6 of the Dungeon.
             The game lasted 00:05:31 (5045 turns).

Descartes the Blocker (Formicid Fighter)            Turns: 5045, Time: 00:05:32

Health: 0/68       AC: 14    Str: 25    XL:     9   Next: 16%
Magic:  9/9        EV:  8    Int:  8    God:
Gold:   198        SH:  6    Dex: 13    Spells: 8/8 levels left

rFire   . . .        j - +0 whip (elec)
rCold   . . .        c - +0 buckler
rNeg    . . .        C - +0 chain mail
rPois   .            (helmet unavailable)
rElec   .            p - +0 cloak
rCorr   .            g - +0 pair of gloves
SInv    +            t - +0 pair of boots
Will    .....        (no amulet) Stlth
                     (no ring)
HPRegen 0.31/turn    (no ring)
MPRegen 0.11/turn

%: no passive effects
@: no status effects
A: permanent stasis, dig shafts and tunnels, antennae 3, four strong arms
a: Dig, Shaft Self


You were on level 6 of the Dungeon.
You visited 2 branches of the dungeon, and saw 7 of its levels.

You collected 198 gold pieces.

Inventory:

Hand Weapons
 a - a +0 war axe
 j - a +0 whip of electrocution (weapon)
Armour
 c - a +0 buckler (worn)
 g - a +0 pair of gloves (worn)
 n - the orb of the Shishi {*Rage, rElec}
   (You found it on level 2 of the Dungeon)

   rElec:     It insulates you from electricity.
 p - a +0 cloak (worn)
 t - a +0 pair of boots (worn)
 C - a +0 chain mail (worn)
Wands
 s - a wand of flame (12)
 y - a wand of charming (8)
Scrolls
 e - 3 scrolls of poison {unknown}
 f - 5 scrolls of identify {unknown}
 k - 3 scrolls of noise {unknown}
 m - a scroll of revelation {unknown}
 q - a scroll of amnesia {unknown}
 r - 2 scrolls of teleportation {unknown}
 w - a scroll of immolation {unknown}
 A - 2 scrolls of blinking {unknown}
 B - 2 scrolls of fog {unknown}
Potions
 d - 3 potions of might
 h - 2 potions of enlightenment {unknown}
 i - a potion of attraction {unknown}
 l - a potion of degeneration {unknown}
 o - a potion of magic {unknown}
 u - 4 potions of curing {unknown}
 v - 2 potions of lignification {unknown}
 x - 2 potions of berserk rage {unknown}
 z - a potion of haste {unknown}


   Skills:
 - Level 5.0 Fighting
 + Level 5.5(6.4) Axes
 + Level 4.8(6.0) Maces & Flails
 + Level 6.6 Armour
 + Level 8.0 Shields


You had 8 spell levels left.
You didn't know any spells.
Your spell library contained the following spells:

 Spells                   Type           Power      Damage    Failure   Level
 Lesser Beckoning         Tloc           0%         N/A       98%         2
 Momentum Strike          Conj/Tloc      0%         3d8       98%         2
 Blink                    Tloc           Unusable   N/A       N/A         2

Dungeon Overview and Level Annotations

Branches:
Dungeon (6/15)             Temple (1/1) D:4

Altars:
Ashenzari
Cheibriados
Dithmenos
Elyvilon
Fedhas
Hepliaklqana
Kikubaaqudgha
Makhleb
Nemelex Xobeh
Qazlal
Ru
Trog
Vehumet
Wu Jian
Xom
Yredelemnul
Zin
The Shining One

Shops:
D:5 [

Annotations:
D:6 Maggie


Innate Abilities, Weirdness & Mutations

You cannot be hasted, slowed, berserked, paralysed or teleported.
You can dig through walls and to a lower floor.
You have a pair of large antennae on your head. (SInv)
Your four strong arms can wield two-handed weapons with a shield.


Message History

Maggie hits you with a +0 long sword.
You hit Maggie.
Maggie is moderately wounded.
Maggie points at you and mumbles some strange words.
The bolt of fire hits you!
You hit Maggie.
Maggie is moderately wounded.
The bullfrog hits you but does no damage.
An iguana comes into view.
You block Maggie's attack.
You hit Maggie.
Maggie is moderately wounded.
You block the bullfrog's attack.
You hit Maggie but do no damage.
Maggie is moderately wounded.
The bullfrog hits you but does no damage.
Maggie hits you with a +0 long sword.
You hit Maggie but do no damage.
Maggie is moderately wounded.
You block the bullfrog's attack. Maggie hits you with a +0 long sword.
You hit Maggie but do no damage.
Maggie is moderately wounded.
The bullfrog hits you.
Maggie gestures wildly while chanting.
Maggie attempts to bespell you! You resist with almost no effort.
The bullfrog swells and bulges.
The bullfrog hits you but does no damage.
You closely miss Maggie.
Maggie is moderately wounded.
You block the bullfrog's attack. Maggie hits you but does no damage.
You barely miss Maggie.
Maggie is moderately wounded.
You block the bullfrog's attack.
Unknown command.
You hit Maggie.
Maggie is moderately wounded.
The bullfrog hits you! Maggie casts a spell at you. The bolt of fire hits you!!
You die...

##### ...# ##.##
#.####
#.....##....#
###..##..)....#####
.......###.....)..#
#...F@)).######<#
#.#.@##### #.# #.l
#.# #.. #.# ... #..
...., ### .#.#.
#.....


You could see Maggie, a bullfrog and an iguana.

Vanquished Creatures
  Grinder (D:3)
  Sigmund (D:5)
  Menkaure (D:5)
  A water moccasin (D:5)
  An ogre (D:5)
  2 centaurs
  A kobold brigand (D:6)
  3 scorpions
  A jelly (D:6)
  4 hounds
  4 iguanas
  2 sleepcaps
  2 orc wizards
  6 adders
  A worm (D:3)
  4 dart slugs
  14 orcs
  4 bats
  8 endoplasms
  A giant cockroach (D:3)
  5 goblins
  8 hobgoblins
  4 jackals
  4 quokkas
  5 ball pythons
  2 frilled lizards (D:3)
  7 kobolds
  3 rats
100 creatures vanquished.

Notes
Turn   | Place    | Note
-------+----------+-------------------------------------------
     0 | D:1      | Descartes the Formicid Fighter began the quest for the Orb.
     0 | D:1      | Reached XP level 1. HP: 18/18 MP: 1/1
   182 | D:1      | Reached XP level 2. HP: 24/24 MP: 2/2
   477 | D:1      | Reached XP level 3. HP: 26/29 MP: 3/3
  1103 | D:2      | Identified the orb of the Shishi {*Rage, rElec}
  1176 | D:2      | Reached XP level 4. HP: 27/37 MP: 4/4
  1224 | D:2      | Found a white marble altar of Elyvilon.
  1566 | D:3      | Reached skill level 1 in Maces & Flails
  1628 | D:3      | Found a faded altar of an unknown god.
  1715 | D:3      | Noticed Grinder
  1734 | D:3      | Killed Grinder
  1735 | D:3      | Reached skill level 5 in Shields
  1735 | D:3      | Reached XP level 5. HP: 32/43 MP: 5/5
  1735 | D:3      | Reached XP level 6. HP: 36/49 MP: 6/6
  2294 | D:3      | Found a faded altar of an unknown god.
  2297 | D:3      | Found an ornate altar of the Wu Jian Council.
  2551 | D:4      | Reached XP level 7. HP: 31/55 MP: 7/7
  2718 | D:4      | Found a staircase to the Ecumenical Temple.
  2724 | Temple   | Entered the Ecumenical Temple
  2989 | D:4      | Found a snail-covered altar of Cheibriados.
  3022 | D:4      | Reached skill level 6 in Shields
  3031 | D:4      | Reached skill level 5 in Fighting
  3031 | D:4      | Reached skill level 5 in Armour
  3631 | D:5      | Entered Level 5 of the Dungeon
  3679 | D:5      | Reached XP level 8. HP: 36/62 MP: 8/8
  3808 | D:5      | Found Honk's Antique Armour Boutique.
  3953 | D:5      | Noticed Menkaure
  3963 | D:5      | Killed Menkaure
  3964 | D:5      | Reached skill level 7 in Shields
  4154 | D:5      | Noticed Sigmund
  4182 | D:5      | Killed Sigmund
  4183 | D:5      | Reached skill level 5 in Axes
  4296 | D:5      | Found a basalt altar of Yredelemnul.
  4297 | D:5      | Found a white marble altar of Elyvilon.
  4298 | D:5      | Found a blossoming altar of Fedhas.
  4298 | D:5      | Found a shadowy altar of Dithmenos.
  4924 | D:6      | Reached XP level 9. HP: 54/68 MP: 9/9
  5029 | D:6      | Reached skill level 8 in Shields
  5033 | D:6      | Noticed Maggie
  5045 | D:6      | Killed from afar by Maggie

Illustrated notes

Levels and vault maps discovered:
D:1:      elethiomel_arrival_infinity_welcomes_careful_drivers,
          layout_loops_ring, grunt_decor_fettered
D:2:      layout_rooms, basic_altar, st_stairs_2
D:3:      layout_loops_ring, nicolae_overflow_ecumenical_swirl,
          shapermc_ecumenical_altar_gd, st_stairs_5, minmay_pentangle,
          uniq_grinder
D:4:      layout_loops_corners, mainiacjoe_overflow_chevrons, temple_green,
          minmay_diced_spiral
D:5:      layout_basic, chequers_temple_overflow_statue_of_worship,
          serial_shops, shop, uniq_sigmund, uniq_menkaure
D:6:      layout_loops_cross, kennysheep_orc_sif_temple, uniq_maggie
Temple:   nicolae_temple_godzebo

Skill      XL: |  1  2  3  4  5  6  7  8  9 |
---------------+----------------------------+-----
Maces & Flails | 2 3 4 |  4.8
Fighting       | 4 5 |  5.0
Axes           | 3 4 5 |  5.5
Armour         | 4 5 6 |  6.6
Shields        | 5 6 7 8 |  8.0

Action                     |  1- 3 |  4- 6 |  7- 9 || total
---------------------------+-------+-------+-------++-------
  Melee: War axe           |    45 |       |       ||    45
         Whip              |    40 |    89 |   247 ||   376
 Armour: Scale mail        |    46 |    24 |    85 ||   155
         Chain mail        |       |       |    11 ||    11
  Dodge: Dodged            |    53 |    30 |    59 ||   142
  Block: Buckler           |    28 |    14 |    48 ||    90

Table legend: (Time is in decaauts)
 A = Elapsed time spent in this place.
 B = Non-inter-level travel time spent in this place.
 C = Inter-level travel time spent in this place.
 D = Time resting spent in this place.
 E = Time spent auto-exploring this place.
 F = Levels seen in this place.
 G = Mean time per level.
                   A        B        C        D        E       F      G
               +--------+--------+--------+--------+--------+-----+--------+
         Total |   5041 |   4789 |    252 |      0 |   3963 |   7 |  720.1 |
       Dungeon |   4982 |   4759 |    223 |      0 |   3963 |   6 |  830.3 |
        Temple |     59 |     30 |     29 |      0 |      0 |   1 |   59.0 |
               +--------+--------+--------+--------+--------+-----+--------+

Top non-repeatable levels by time:
     D:5: 1271 daAuts
     D:4: 1078 daAuts
     D:3: 998 daAuts
     D:1: 989 daAuts
     D:2: 522 daAuts
     D:6: 122 daAuts
  Temple: 59 daAuts
